 Dungeon Crawl Stone Soup version 0.22.0-38-g04b72b8 (webtiles) character file.

265 Lew the Sneak (level 6, -3/42 HPs)
             Began as an Octopode Assassin on Aug 30, 2018.
             Slain by a gnoll
             ... wielding a +0 spear
              (4 damage)
             ... on level 4 of the Dungeon.
             The game lasted 00:05:44 (2263 turns).

Lew the Sneak (Octopode Assassin)                   Turns: 2263, Time: 00:05:44

Health: -3/42      AC:  1    Str: 11    XL:     6   Next: 20%
Magic:  6/6        EV: 19    Int: 13    God:
Gold:   151        SH:  5    Dex: 20    Spells: 5/5 levels left

rFire    . . .     SeeInvis .   e - +3 dagger (freeze)
rCold    + + .     Gourm    .   i - +0 buckler
rNeg     . . .     Faith    .   (helmet restricted)
rPois    +         Spirit   .   (no amulet)
rElec    .         Reflect  .   a - ring of protection from cold
rCorr    .         Harm     .   t - ring of protection from cold
MR       .....                  u - ring of poison resistance
Stlth    ++++++....             (no ring)
HPRegen  0.14/turn              (no ring)
MPRegen  0.10/turn              (no ring)
                                (no ring)
                                (no ring)

@: agile, about to teleport, very slightly contaminated, drained
A: almost no armour, stealthy swim, amphibious, 8 rings, constrict 8, camouflage
1, gelatinous body 1
a: no special abilities


You were on level 4 of the Dungeon.
You were not hungry.

You visited 1 branch of the dungeon, and saw 4 of its levels.
You also visited: Sewer.

You collected 151 gold pieces.

Inventory:

Hand Weapons
 b - a +0 blowgun
 e - a +3 dagger of freezing (weapon)
Missiles
 c - 54 poisoned needles
 d - 2 curare-tipped needles (quivered)
Armour
 i - a +0 buckler (worn)
Jewellery
 a - a ring of protection from cold (left tentacle)
 t - a ring of protection from cold (right tentacle)
 u - a ring of poison resistance (on tentacle)
Wands
 n - a wand of digging (17)
 q - a wand of scattershot (6)
Scrolls
 g - 2 scrolls of remove curse
 m - 2 scrolls of amnesia
 o - a scroll of teleportation
 p - a scroll of fog
 r - 2 scrolls of noise
Potions
 h - 2 potions of flight
Comestibles
 f - 6 rations


   Skills:
 + Level 3.2(2.8) Fighting
 + Level 3.3(2.9) Short Blades
 - Level 2.0(1.6) Throwing
 + Level 2.7(2.3) Dodging
 + Level 6.7(6.2) Stealth
 + Level 2.1(1.7) Shields


You had 5 spell levels left.
You didn't know any spells.
Your spell library contained the following spells:

 Spells                   Type           Power        Failure   Level  Hunger
 Magic Dart               Conj           #...         38%         1    ##.....
 Summon Butterflies       Summ           #.......     38%         1    ##.....
 Blink                    Tloc           N/A          52%         2    ###....
 Call Imp                 Summ           #.......     52%         2    ###....
 Slow                     Hex            #.......     52%         2    ###....
 Call Canine Familiar     Summ           #.......     77%         3    ####...
 Conjure Flame            Conj/Fire      #.......     77%         3    ####...
 Mephitic Cloud           Conj/Pois/Air  #.......     77%         3    ####...
 Summon Ice Beast         Ice/Summ       #.......     99%         4    #####..
 Summon Mana Viper        Hex/Summ       #.......     100%        5    ######.
 Summon Hydra             Summ           #.........   100%        7    #######


Dungeon Overview and Level Annotations

Branches:
Dungeon (4/15)
 Temple: D:4-7

Altars:

Annotations:
D:4 Edmund


Innate Abilities, Weirdness & Mutations

You cannot wear most types of armour.
You are very stealthy in the water. (Stealth+)
You are amphibious.
You can wear up to eight rings at the same time.
You can use your tentacles to constrict eight enemies at once.
Your skin changes colour to match your surroundings (Stealth+).
Your rubbery body absorbs attacks. (AC +1, EV +1)


Message History

You constrict Edmund.
The gnoll hits you from afar with a spear.
You hit Edmund but do no damage.
Edmund is lightly wounded.
You constrict Edmund.
Edmund hits you with a flail of draining!!
You feel drained.
The gnoll hits you from afar with a spear.
* * * LOW HITPOINT WARNING * * *
Okay, then.
As you read the scroll of teleportation, it crumbles to dust.
You feel strangely unstable.
You constrict Edmund, but do no damage. The gnoll closely misses you.
Edmund misses you. You block the quokka's attack.
The gnoll hits you from afar with a spear.
* * * LOW HITPOINT WARNING * * *
You release your grip on Edmund.
The gnoll hits you with a halberd.
* * * LOW HITPOINT WARNING * * *
The gnoll closely misses you. The gnoll hits you with a spear.
You die...

..%#.#######......#####.....
...................<...>##.
####.#.####............###....
#.....g##...#............. .
#g....g##.###.#..#......##..
#......##.# #.#..#..###.#
#......##.###g##.#..# .#
#............gr.@...# .#
".......##.###@##.#.## .#
..###.####.# #....# . #. #.#
###...... #. ... ...... # ...
..... #...# ..... ..... ......
....


You could see Edmund, 2 gnolls and a quokka.

Vanquished Creatures
  A crocodile (Sewer)
  A worker ant (D:3)
  A hound skeleton (D:4)
  2 river rats (D:3)
  8 adders
  3 worms
  A dart slug (D:1)
  2 leopard geckos
  11 bats
  A giant cockroach (D:2)
  3 goblins (D:1)
  3 hobgoblins
  2 jackals (Sewer)
  A quokka (D:2)
  A ball python (D:2)
  6 frilled lizards
  8 kobolds
  6 rats
61 creatures vanquished.

Notes
Turn   | Place    | Note
-------+----------+-------------------------------------------
     0 | D:1      | Lew the Octopode Assassin began the quest for the Orb.
     0 | D:1      | Reached XP level 1. HP: 14/14 MP: 1/1
    72 | D:1      | Reached XP level 2. HP: 19/19 MP: 2/2
   741 | D:2      | Reached XP level 3. HP: 20/24 MP: 3/3
  1163 | D:2      | Reached skill level 6 in Stealth
  1251 | D:3      | Reached XP level 4. HP: 29/30 MP: 4/4
  1315 | D:3      | Reached skill level 1 in Shields
  1392 | D:3      | Found a glowing drain.
  1397 | Sewer    | Entered a sewer
  1624 | Sewer    | Noticed a crocodile
  1631 | Sewer    | Killed a crocodile
  1631 | Sewer    | Reached XP level 5. HP: 36/36 MP: 5/5
  1767 | D:3      | Reached XP level 6. HP: 26/42 MP: 6/6
  2253 | D:4      | Noticed Edmund
  2262 | D:4      | HP: 1/42 [gnoll/halberd (4)]
  2263 | D:4      | Slain by a gnoll

Skill      XL: |  1  2  3  4  5 |
---------------+----------------+-----
Stealth        | 6 |  6.7
Shields        | 1 2 |  2.1
Dodging        | 2 |  2.7
Fighting       | 3 |  3.2
Short Blades   | 3 |  3.3
Throwing       | |  2.0

Action                   |  1- 3 |  4- 6 || total
-------------------------+-------+-------++-------
Melee: Dagger            |    38 |    70 ||   108
       Tentacles         |     7 |    11 ||    18
       Constrict         |     8 |    16 ||    24
  Use: Potion            |     5 |     4 ||     9
       Scroll            |     3 |     5 ||     8
 Stab: Sleeping          |    14 |    11 ||    25
  Eat: Chunk             |       |     4 ||     4
Armor: Skin              |     1 |       ||     1
Dodge: Dodged            |    14 |    31 ||    45
Block: Buckler           |     2 |     7 ||     9
